 Dungeon Crawl Stone Soup version 0.27.1-16-g815e20cd7a (webtiles) character file.

Game seed: 3228911058196483829

56 zen1337 the Conjurer (level 3, -3/24 HPs)
             Began as a Demonspawn Conjurer on Nov 21, 2021.
             Killed from afar by Ijyb (9 damage)
             ... with a puff of flame
             ... on level 3 of the Dungeon.
             The game lasted 00:08:55 (2477 turns).

zen1337 the Conjurer (Demonspawn Conjurer)          Turns: 2477, Time: 00:08:56

Health: -3/24      AC:  2    Str:  7    XL:     3   Next: 71%
Magic:  1/8        EV: 12    Int: 20    God:
Gold:   86         SH:  0    Dex: 11    Spells: 6/9 levels left

rFire    . . .     SeeInvis .   (no weapon)
rCold    . . .     Faith    .   (no shield)
rNeg     . . .     Spirit   .   a - +0 robe
rPois    .         Reflect  .   (helmet restricted)
rElec    .         Harm     .   (no cloak)
rCorr    .         Rampage  .   (no gloves)
Will     .....                  (no boots)
Stlth    ++........             (no amulet)
HPRegen  0.08/turn              (no ring)
MPRegen  0.11/turn              (no ring)

@: no status effects
A: horns 1
a: no special abilities


You were on level 3 of the Dungeon.
You visited 1 branch of the dungeon, and saw 3 of its levels.

You collected 125 gold pieces.
You spent 39 gold pieces at shops.

Inventory:

Armour
 a - a +0 robe (worn)
Jewellery
 i - a +6 ring of dexterity
 k - a ring of fire
Scrolls
 b - a scroll of immolation {unknown}
 c - a scroll of torment {unknown}
 f - a scroll of teleportation {unknown}
 g - a scroll of identify {unknown}
 h - a scroll of magic mapping {unknown}
 l - a scroll of noise {unknown}
Potions
 d - a potion of flight {unknown}
 e - a potion of might {unknown}
 j - 2 potions of curing
 m - a potion of degeneration {unknown}


   Skills:
 - Level 1.7 Dodging
 - Level 1.7 Stealth
 + Level 3.8 Spellcasting
 - Level 4.0 Conjurations


You had 6 spell levels left.
You knew the following spells:

 Your Spells              Type           Power      Damage    Failure   Level
a - Magic Dart            Conj           76%        1d6       2%          1
b - Searing Ray           Conj           38%        3d4       3%          2

Your spell library contained the following spells:

 Spells                   Type           Power      Damage    Failure   Level
 Shock                    Conj/Air       44%        1d5       6%          1
 Dazzling Flash           Conj/Hex       22%        N/A       17%         3
 Swiftness                Air            3%         N/A       36%         3
 Fulminant Prism          Conj/Hex       5%         3d7       50%         4
 Iskenderun's Mystic Bla  Conj/Tloc      11%        2d4       50%         4
 Airstrike                Air            1%         N/A       78%         4


Dungeon Overview and Level Annotations

Branches:
Dungeon (3/15)

Altars:

Shops:
D:3 !

Annotations:
D:2 Terence
D:3 Ijyb


Innate Abilities, Weirdness & Mutations

You have a pair of small horns on your head.


Message History

There is an entrance to Cejijogu's Distillery here.
j - 2 potions of curing (gained 1) Thank you for shopping at Cejijogu's Distillery!
Magic restored.
m - a grey potion
Found an escape hatch in the floor.
There is an escape hatch in the floor here.
Ijyb the Twisted Goblin comes into view.
She is wielding a +0 club and carrying a wand of flame (14).
Casting: Searing Ray (safe; 3% risk of failure)
Confirm with . or Enter, or press ? or * to list all spells.
Aiming: Searing Ray (safe; 3% risk of failure)
Press: ? - help, Shift-Dir - straight line, f - Ijyb
Aim: Ijyb, wielding a +0 club, wearing a +0 chain mail and carrying a wand of flame (14) (78% to hit)
The searing ray hits Ijyb.
Ijyb is moderately wounded. (Press . to maintain the ray.)
The searing ray misses Ijyb.
Ijyb zaps a wand.
The puff of flame hits you!
The searing ray hits Ijyb.
Ijyb is heavily wounded.
The searing ray hits Ijyb.
Ijyb is heavily wounded.
You finish channeling your searing ray.
Casting: Searing Ray (safe; 3% risk of failure)
Confirm with . or Enter, or press ? or * to list all spells.
Aiming: Searing Ray (safe; 3% risk of failure)
Press: ? - help, Shift-Dir - straight line, f/p - Ijyb
Aim: Ijyb, wielding a +0 club, wearing a +0 chain mail and carrying a wand of flame (13) (heavily wounded, 78% to hit)
The searing ray hits Ijyb!
Ijyb is almost dead. (Press . to maintain the ray.) Ijyb drinks a potion.
Ijyb is healed!
The searing ray hits Ijyb.
Ijyb is almost dead.
Ijyb hits you with a +0 club. Ijyb hits you with a +0 club!
* * * LOW HITPOINT WARNING * * *
Ijyb closely misses you.
Ijyb screams, "Level is mine!
All mine!"
Ijyb zaps a wand.
The puff of flame hits you!
You die...

#..# #....
#..#
#........
#..#
######.#.
#..# #.##
#..### #.#
#..#.. #.#
#..#.# #.#
######..#.#
..#
#......@#.#
#.#####.#.#
#g#.#####..
#..........
######.####


You could see Ijyb.

Vanquished Creatures
  2 adders (D:2)
  A dart slug (D:1)
  3 endoplasms
  3 giant cockroaches (D:2)
  3 goblins (D:2)
  5 hobgoblins
  A kobold (D:1)
  A quokka (D:1)
  6 ball pythons
  3 bats
  A frilled lizard (D:1)
  5 rats
34 creatures vanquished.

Notes
Turn   | Place    | Note
-------+----------+-------------------------------------------
     0 | D:1      | zen1337 the Demonspawn Conjurer began the quest for the
                  | Orb.
     0 | D:1      | Reached XP level 1. HP: 13/13 MP: 3/3
   501 | D:1      | Gained mutation: You have a pair of small horns on your
                  | head. [demonic ancestry]
   501 | D:1      | Reached XP level 2. HP: 19/19 MP: 1/5
   554 | D:1      | Learned a level 2 spell: Searing Ray
  1344 | D:2      | Reached XP level 3. HP: 24/24 MP: 3/7
  1777 | D:2      | Noticed Terence
  2244 | D:2      | Found a faded altar of an unknown god.
  2322 | D:3      | Found Cejijogu's Distillery.
  2351 | D:3      | Bought a potion of curing for 39 gold pieces
  2465 | D:3      | Noticed Ijyb
  2477 | D:3      | Killed from afar by Ijyb

Illustrated notes

Levels and vault maps discovered:
D:1:      wheals_arrival_linesprint, layout_rooms, serial_curves,
          eino_curves_03, eino_curves_01
D:2:      layout_rooms, ebering_ecumenical_altar_box, uniq_terence
D:3:      layout_loops_ring, mainiacjoe_overflow_catch_the_wave, serial_shops,
          shop, uniq_ijyb

Skill      XL: |  1  2 |
---------------+-------+-----
Spellcasting   | 3 |  3.8
Dodging        | |  1.7
Stealth        | |  1.7
Conjurations   | |  4.0

Action                   || total
-------------------------++-------
Melee: Unarmed           ||     4
 Cast: Magic Dart        ||    23
       Searing Ray       ||    22
Armor: Robe              ||    10
Dodge: Dodged            ||    41
